 Dungeon Crawl Stone Soup version 0.30.0-30-g96aa6591b8 (webtiles) character file.

Game seed: 1108394997211461777

39 Chiseanne the Sneak (level 3, 0/26 HPs)
             Began as an Octopode Delver on June 28, 2023.
             Slain by a rat (2 damage)
             ... on level 4 of the Dungeon.
             The game lasted 00:03:00 (387 turns).

Chiseanne the Sneak (Octopode Delver)                Turns: 387, Time: 00:03:01

Health: 0/26       AC:  1    Str: 11    XL:     3   Next: 45%
Magic:  3/3        EV: 14    Int: 12    God:
Gold:   27         SH:  0    Dex: 15    Spells: 2/2 levels left

rFire   . . .        a - +0 short sword
rCold   . . .        (no shield)
rNeg    . . .        (helmet restricted)
rPois   .            (no amulet)
rElec   .            (no ring)
rCorr   .            (no ring)
SInv    .            (no ring)
Will    .....        (no ring)
Stlth   ++++++       (no ring)
HPRegen 0.24/turn    (no ring)
MPRegen 0.08/turn    (no ring)
                     (no ring)

%: no passive effects
@: on berserk cooldown, slowed, very slow
A: almost no armour, amphibious, 8 rings, camouflage 1, gelatinous body 1,
nimble swimmer 1, tentacles
a: no special abilities


You were on level 4 of the Dungeon.
You visited 1 branch of the dungeon, and saw 3 of its levels.

You collected 27 gold pieces.

Inventory:

Hand Weapons
 a - a +0 short sword (weapon)
Missiles
 e - 3 poisoned darts (quivered)
Wands
 f - a wand of digging (3)
Scrolls
 b - a scroll of fog
 d - a scroll of fear
 g - a scroll of identify


   Skills:
 * Level 3.5 Fighting
 - Level 2.0 Short Blades
 * Level 2.7 Dodging
 * Level 7.1 Stealth


You had 2 spell levels left.
You didn't know any spells.
Your spell library was empty.

Dungeon Overview and Level Annotations

Branches:
Dungeon (5/15)             Temple (0/1) D:5

Altars:
Dithmenos
Elyvilon
Ru
Uskayaw
Vehumet

Shops:
D:5 =


Innate Abilities, Weirdness & Mutations

You cannot wear most types of armour.
You are amphibious.
You can wear up to eight rings at the same time.
Your skin changes colour to match your surroundings (Stealth+).
Your rubbery body absorbs attacks. (AC +1, EV +1)
You are camouflaged when in or above water. (Stealth+)
You have tentacles for arms and can constrict up to eight enemies at once.


Message History

The sleepcap is heavily damaged.
The sleepcap closely misses you.
You're too confused to move!
The rat closely misses you. The sleepcap misses you.
You bump into the rock wall.
You feel a strong urge to attack something.
You bump into the rock wall.
The rat bites you but does no damage. The sleepcap misses you.
You bump into the rock wall.
You feel your anger nearly subside.
You are no longer berserk.
You are exhausted.
You feel yourself slow down. The rat barely misses you.
The sleepcap releases spores at you.
You bump into the rock wall.
You feel less invigorated.
You feel less confused. The rat barely misses you.
The sleepcap barely misses you.
You hit the sleepcap but do no damage. You grab the sleepcap.
The sleepcap is heavily damaged.
You constrict the sleepcap. The rat closely misses you.
The sleepcap releases spores at you. The rat bites you.
You hit the sleepcap but do no damage. You squeeze the sleepcap.
The sleepcap is heavily damaged.
You constrict the sleepcap. The sleepcap barely misses you. The rat misses you.
The sleepcap misses you.
You hit the sleepcap.
The sleepcap is severely damaged.
You constrict the sleepcap. The rat misses you.
The sleepcap releases spores at you.
You are engulfed in a cloud of soporific spores!
You fall asleep.
You lose your grip on the sleepcap.
The rat barely misses you. The sleepcap releases spores at you!
You wake up.
You hit the sleepcap. You grab the sleepcap.
The sleepcap is almost destroyed.
You constrict the sleepcap. The rat bites you.
* * * LOW HITPOINT WARNING * * *
The sleepcap releases spores at you.
* * * LOW HITPOINT WARNING * * *
The rat bites you.
You die...

......#..#.#
###........#.#
...#....#g..###
#...#.##.....#
..#...#..f.###..#
..........## #.#
.##.(..#.# S#
.....#..#.# #########
.... #.....##f@rr..~#
.#. ......#g#######~#
#......#~# #......#~#
..#......#~#
#........#f#
#........#g# ####
#.#......#†########..#
#..#.....##~~fg.~.~#.#


You could see a sleepcap, a hobgoblin and 2 rats.

Vanquished Creatures
  3 gnolls (D:5)
  2 endoplasms (D:4)
  A giant cockroach (D:4)
  A goblin (D:4)
  A hobgoblin (D:4)
  A quokka (D:4)
  A frilled lizard (D:3)
10 creatures vanquished.

Notes
Turn   | Place    | Note
-------+----------+-------------------------------------------
     0 | D:5      | Chiseanne the Octopode Delver began the quest for the Orb.
     0 | D:5      | Reached XP level 1. HP: 16/16 MP: 1/1
    19 | D:5      | Noticed a scorpion
    63 | D:5      | Found a shadowy altar of Dithmenos.
    67 | D:5      | Found a hide-covered altar of Uskayaw.
    67 | D:5      | Found a sacrificial altar of Ru.
    77 | D:5      | Found a white marble altar of Elyvilon.
    77 | D:5      | Found a radiant altar of Vehumet.
   122 | D:5      | Found Zirus's Jewellery Boutique.
   145 | D:5      | Reached XP level 2. HP: 11/21 MP: 2/2
   149 | D:5      | Reached skill level 7 in Stealth
   149 | D:5      | Reached XP level 3. HP: 12/26 MP: 3/3
   160 | D:5      | Noticed a phantom
   387 | D:4      | Slain by a rat

Illustrated notes

Levels and vault maps discovered:
D:3:      layout_loops_ring, mainiacjoe_overflow_surrounded_room,
          gammafunk_ghost_smash, uniq_robin
D:4:      layout_rooms, mainiacjoe_overflow_six_doors_small,
          gup_sewer_entry_spiral, uniq_blork_the_orc
D:5:      layout_cave_pools, minmay_overflow_temple_star_hex,
          kennysheep_little_box, temple_pool_b, serial_shops,
          nicolae_diamond_shop

Skill      XL: |  1  2 |
---------------+-------+-----
Stealth        | 7 |  7.1
Fighting       | |  3.5
Short Blades   | |  2.0
Dodging        | |  2.7

Action                     || total
---------------------------++-------
  Melee: Short sword       ||    25
         Constrict         ||     5
         Tentacles         ||     5
    Use: Scroll            ||     8
         Potion            ||     4
   Stab: Sleeping          ||     5
 Armour: Skin              ||     1
  Dodge: Dodged            ||    30
